 Dungeon Crawl Stone Soup version 0.27-a0-1105-g946c659c87 (webtiles) character file.

Game seed: 4984206972899428795

74 rjrrt the Chopper (level 4, -1/52 HPs)
             Began as a Demonspawn Berserker on Apr 30, 2021.
             Was a Believer of Trog.
             Slain by Sigmund
             ... wielding a +5 scythe of flaming
              (6 damage)
             ... on level 3 of the Dungeon.
             The game lasted 00:03:34 (3461 turns).

rjrrt the Chopper (Demonspawn Berserker)            Turns: 3461, Time: 00:03:34

Health: -1/52      AC:  4    Str: 19    XL:     4   Next: 9%
Magic:  4/4        EV: 12    Int:  8    God:    Trog [**....]
Gold:   80         SH:  0    Dex: 12    Spells: 3/3 levels left

rFire    . . .     SeeInvis .   a - +0 hand axe
rCold    . . .     Faith    .   (no shield)
rNeg     . . .     Spirit   .   b - +0 animal skin
rPois    .         Reflect  .   (helmet restricted)
rElec    .         Harm     .   (no cloak)
rCorr    .         Rampage  .   (no gloves)
Will     .....                  (no boots)
Stlth    ..........             (no amulet)
HPRegen  0.17/turn              (no ring)
MPRegen  0.09/turn              (no ring)

@: berserking, very quick
A: antennae 2, yellow scales 1
a: Renounce Religion, Berserk, Trog's Hand


You were on level 3 of the Dungeon.
You worshipped Trog.
Trog was pleased with you.
You visited 1 branch of the dungeon, and saw 3 of its levels.

You collected 80 gold pieces.

Inventory:

Hand Weapons
 a - a +0 hand axe (weapon)
 d - the +9 executioner's axe of the Saving Hummingbird {vamp, rF+ Str+4 Int-2}
   (You acquired it on level 2 of the Dungeon)

   It inflicts no extra harm, but heals its wielder when it wounds a living foe.
   It affects your strength (+4).
   It affects your intelligence (-2).
   It protects you from fire.
 g - a +0 flail
Missiles
 f - 3 boomerangs of dispersal
Armour
 b - a +0 animal skin (worn)
Potions
 c - a potion of heal wounds {unknown}
 e - a potion of haste


   Skills:
 - Level 3.0 Fighting
 + Level 4.5 Axes
 - Level 1.7 Armour
 - Level 1.7 Dodging


You had 3 spell levels left.
You didn't know any spells.
Your spell library was empty.

Dungeon Overview and Level Annotations

Branches:
Dungeon (3/15)

Altars:

Annotations:
D:3 Sigmund


Innate Abilities, Weirdness & Mutations

You have a pair of antennae on your head.
You are partially covered in yellow scales. (AC +2)


Message History

You kill the frilled lizard!
Trog accepts your kill.
The kobold throws a stone.
The stone hits you but does no damage. The orc hits you but does no damage.
You hit the orc.
The orc is almost dead.
The orc closely misses you.
Sigmund the Dreaded comes into view.
He is wielding a +5 scythe of flaming and carrying a wand of flame (7).
Unknown command.
You hit the orc.
You kill the orc!
Trog accepts your kill.
Sigmund points at himself and mumbles some strange words.
Sigmund flickers and vanishes!
Deactivating autopickup; reactivate with Ctrl-A.
The kobold hits you with a +0 dagger.
Unknown command.
Unknown command.
You barely miss the kobold. The kobold hits you but does no damage.
Unknown command.
The kobold throws a stone.
The stone closely misses you.
You hear some strange, mumbled words.
Something tries to affect you, but you resist.
A red film seems to cover your vision as you go berserk!
You feel yourself moving faster!
You feel mighty! The kobold completely misses you. Something hits you.
Something burns you.
You hit the kobold.
You kill the kobold!
Trog accepts your kill. Something hits you. Something burns you.
Unknown command.
Items here: ( ) ? †.
Unknown command.
You slash something! Something hits you! Something burns you.
You slash something! Something hits you! Something burns you.
* * * LOW HITPOINT WARNING * * *
You slash something! Something hits you!
* * * LOW HITPOINT WARNING * * *
Something burns you.
You die...

#.# ###.###.#####
#.....# #.#
#..........#
#.#####
#.........###.###.#
#.# ######..#
#.###.###.# #..#
#.##...##.# #..#
#.##.#.##<#
##..###....#....#
.........#####..#
##..###..{@....#.#
....###..###..###..
.........# #.## .
#.)..)..# #..
#...####†.....#
#... ..#.... #..
..#...#. ..
..#..###. ..#


There were no monsters in sight!

Vanquished Creatures
  An adder (D:2)
  A worm (D:2)
  2 dart slugs (D:2)
  6 orcs (D:3)
  2 ball pythons
  8 endoplasms
  2 giant cockroaches (D:1)
  2 goblins
  5 hobgoblins
  7 kobolds
  2 quokkas (D:1)
  4 bats
  A frilled lizard (D:3)
  4 rats
47 creatures vanquished.

Notes
Turn   | Place    | Note
-------+----------+-------------------------------------------
     0 | D:1      | rjrrt the Demonspawn Berserker began the quest for the Orb.
     0 | D:1      | Reached XP level 1. HP: 18/18 MP: 1/1
   191 | D:1      | Reached skill level 3 in Axes
   351 | D:1      | Gained mutation: You have a pair of small antennae on your
                  | head. [demonic ancestry]
   351 | D:1      | Reached XP level 2. HP: 11/24 MP: 2/2
  1868 | D:2      | Gained mutation: You have a pair of antennae on your head.
                  | [demonic ancestry]
  1868 | D:2      | Reached XP level 3. HP: 20/29 MP: 3/3
  2061 | D:2      | Reached skill level 4 in Axes
  2809 | D:2      | Identified a scroll of acquirement
  2809 | D:2      | Acquired the +9 executioner's axe of the Saving Hummingbird
                  | {vamp, rF+ Str+4 Int-2}
  3286 | D:3      | Reached ** piety under Trog
  3396 | D:3      | Gained mutation: You are partially covered in yellow
                  | scales. (AC +2) [demonic ancestry]
  3396 | D:3      | Reached XP level 4. HP: 35/35 MP: 4/4
  3445 | D:3      | Noticed Sigmund
  3461 | D:3      | Slain by Sigmund

Illustrated notes

Levels and vault maps discovered:
D:1:      elethiomel_arrival_quiet, layout_basic, corexii_corridor_pit
D:2:      layout_rooms
D:3:      layout_loops_ring, hellmonk_ecumenical_altar_heavens_door,
          uniq_sigmund

Skill      XL: |  1  2  3 |
---------------+----------+-----
Axes           | 3 4 |  4.5
Fighting       | |  3.0
Armour         | |  1.7
Dodging        | |  1.7

Action                   |  1- 3 |  4- 6 || total
-------------------------+-------+-------++-------
Melee: Hand axe          |   141 |    11 ||   152
Invok: Berserk           |     2 |     1 ||     3
  Use: Scroll            |     6 |       ||     6
 Stab: Sleeping          |     1 |       ||     1
Armor: Animal skin       |    27 |    10 ||    37
Dodge: Dodged            |    98 |     6 ||   104

Table legend: (Time is in decaauts)
 A = Elapsed time spent in this place.
 B = Non-inter-level travel time spent in this place.
 C = Inter-level travel time spent in this place.
 D = Time resting spent in this place.
 E = Time spent auto-exploring this place.
 F = Levels seen in this place.
 G = Mean time per level.
                   A        B        C        D        E       F      G
               +--------+--------+--------+--------+--------+-----+--------+
         Total |   3498 |   3455 |     43 |    304 |   2750 |   3 | 1166.0 |
       Dungeon |   3498 |   3455 |     43 |    304 |   2750 |   3 | 1166.0 |
               +--------+--------+--------+--------+--------+-----+--------+

Top non-repeatable levels by time:
     D:1: 1866 daAuts
     D:2: 1328 daAuts
     D:3: 302 daAuts
